Map: Protocole central

Players

CheesyGamer - Winner!

  • Race: Zerg Zerg
  • League: Diamond

Plutonun

  • Race: Protoss Protoss
  • League: Silver

VOD

Have the link to the VOD?

Description

Time

  • Played on: Nov. 12, 2015, 2:35 p.m.
  • Length: 9:10
Show
View Real Time Build Order
Export as new Build Order

CheesyGamer Zerg - Winner!

Build Orders: Hatch First 

Get SALT Encoding   

  12  0:01  Drone  
  13  0:13  Overlord  
  13  0:19  Drone  
  14  0:31  Drone  
  14  0:32  Drone  
  16  0:36  Drone  
  17  0:54  Hatchery  
  16  0:57  Drone  
  17  1:11  Spawning Pool  
  16  1:20  Drone  
  16  1:21  Drone  
  18  1:38  Hatchery  
  17  1:41  Drone  
  18  1:47  Drone  
  18  1:48  Drone  
  20  2:01  Overlord  
  20  2:08  Zergling x2  
  21  2:12  Drone  
  22  2:16  Extractor  
  22  2:17  Queen  
  23  2:26  Drone x2  
  23  2:27  Drone  
  26  2:33  Drone  
  27  2:37  Drone  
  27  2:40  Drone  
  29  2:47  Drone  
  29  2:49  Queen  
  29  2:51  Drone x2  
  34  2:57  Queen  
  36  2:59  Drone  
  36  3:04  Drone  
  38  3:15  Roach Warren, Drone  
  38  3:16  Drone x2  
  40  3:22  Queen  
  42  3:27  Overlord  
  42  3:34  Metabolic Boost  
  42  3:36  Overlord  
  42  3:37  Overlord  
  42  3:49  Drone  
  42  3:50  Drone x2  
  42  3:52  Drone x3, Extractor  
  42  3:53  Drone, Extractor  
  47  4:03  Zergling x10  
  47  4:08  Lair  
  52  4:12  Drone  
  52  4:13  Drone x2  
  52  4:16  Drone  
  57  4:17  Drone  
  57  4:19  Overlord  
  57  4:33  Overlord  
  57  4:34  Drone x4  
  61  4:39  Evolution Chamber  
  61  4:42  Drone x2  
  61  4:43  Drone x4  
  61  4:44  Drone  
  67  4:47  Overlord  
  67  4:50  Pneumatized Carapace  
  67  5:00  Zergling x10  
  71  5:10  Drone x2, Extractor  
  71  5:11  Drone  
  71  5:14  Zerg Ground Armor Level 1  
  73  5:22  Glial Reconstitution  
  73  5:25  Roach  
  73  5:26  Roach x6  
  87  5:34  Drone x2, Overlord, Extractor  
  87  5:35  Overlord x2, Extractor  
  87  5:58  Overseer  
  87  6:00  Overseer  
  87  6:03  Roach x3  
  87  6:04  Roach x7  
  107  6:07  Zergling x4  
  109  6:14  Drone x2  
  111  6:23  Drone x2, Overlord  
  113  6:31  Overlord x3  
  113  6:43  Hatchery  
  113  6:45  Overlord x3  
  112  6:49  Drone, Hydralisk Den  
  112  6:50  Drone x2  
  112  6:51  Drone x2, Infestation Pit  
  115  6:55  Overlord  
  115  6:56  Overlord  
  115  7:07  Roach  
  115  7:08  Roach x5, Zerg Melee Weapons Level 1  
  127  7:24  Roach  
  127  7:25  Roach x8, Zergling x2  
  127  7:29  Ravager  
  153  7:30  Ravager x7  
  154  7:47  Overlord x2  
  154  7:48  Overlord x2  
  154  7:50  Drone x2  
  156  7:51  Hive  
  156  7:53  Evolution Chamber, Muscular Augments  
  149  8:18  Ravager  
  149  8:19  Ravager x3  
  152  8:20  Ravager x3  
  152  8:22  Zergling x22  
  152  8:23  Zergling x12  
  147  8:36  Drone x2  
  147  8:41  Roach  
Show
View Real Time Build Order
Export as new Build Order

Plutonun Protoss 

Build Orders:  

Get SALT Encoding   

  12  0:01  Probe (Chrono Boost)  
  13  0:11  Probe (Chrono Boost)  
  14  0:24  Pylon  
  14  0:25  Probe (Chrono Boost)  
  15  0:42  Probe (Chrono Boost)  
  16  0:44  Gateway  
  16  0:54  Gateway  
  16  0:55  Probe (Chrono Boost)  
  17  1:04  Assimilator  
  17  1:05  Probe (Chrono Boost)  
  18  1:12  Assimilator  
  18  1:16  Probe (Chrono Boost)  
  19  1:27  Probe (Chrono Boost), Pylon  
  20  1:37  Probe (Chrono Boost)  
  21  1:47  Cybernetics Core  
  21  1:48  Probe (Chrono Boost)  
  21  1:51  Zealot  
  24  1:58  Probe (Chrono Boost)  
  27  2:09  Probe (Chrono Boost)  
  26  2:28  Nexus  
  26  2:35  Sentry  
  28  2:43  Mothership Core (Chrono Boost), Warp Gate  
  30  2:58  Pylon  
  30  3:01  Probe (Chrono Boost)  
  30  3:17  Probe (Chrono Boost), Pylon  
  31  3:23  Stalker  
  31  3:26  Sentry  
  35  3:31  Robotics Facility  
  35  3:32  Probe (Chrono Boost)  
  36  3:44  Pylon  
  36  3:46  Assimilator  
  37  3:48  Probe (Chrono Boost)  
  37  3:53  Probe (Chrono Boost)  
  38  3:59  Probe (Chrono Boost)  
  39  4:04  Probe (Chrono Boost)  
  39  4:09  Probe (Chrono Boost)  
  41  4:14  Probe (Chrono Boost)  
  42  4:18  Probe (Chrono Boost), Observer (Chrono Boost)  
  44  4:25  Probe  
  44  4:26  Gateway  
  44  4:28  Gateway  
  44  4:30  Pylon  
  45  4:31  Probe  
  45  4:36  Pylon  
  45  4:37  Probe  
  47  4:49  Observer (Chrono Boost)  
  47  4:51  Stalker x2  
  52  5:03  Probe  
  52  5:04  Gateway, Probe  
  54  5:09  Observer (Chrono Boost)  
  55  5:15  Zealot  
  55  5:16  Zealot  
  59  5:32  Probe  
  59  5:34  Probe  
  61  5:38  Assimilator  
  61  5:42  Probe, Zealot x3  
  65  5:43  Zealot  
  65  5:46  Probe  
  71  5:53  Probe  
  72  5:58  Immortal (Chrono Boost), Probe  
  77  6:07  Sentry x4  
  85  6:13  Pylon  
  85  6:15  Pylon  
  85  6:26  Pylon  
  85  6:28  Forge  
  85  6:30  Twilight Council  
  85  6:31  Pylon  
  89  6:40  Immortal (Chrono Boost)  
  89  6:42  Probe  
  90  6:53  Probe  
  90  6:58  Sentry x4  
  90  6:59  Sentry  
  101  7:12  Pylon  
  101  7:13  Probe  
  101  7:14  Protoss Ground Weapons Level 1 (Chrono Boost)  
  102  7:16  Immortal (Chrono Boost)  
  106  7:28  Gateway  
  106  7:30  Gateway  
  106  7:31  Gateway  
  106  7:36  Gateway  
  106  7:38  Photon Cannon  
  106  7:47  Sentry x2  
  106  7:48  Stalker x3  
  106  7:49  Photon Cannon  
  106  7:51  Photon Cannon  
  116  7:52  Photon Cannon  
  116  7:58  Immortal (Chrono Boost)  
  120  8:03  Mothership Core  
  86  8:38  Stalker  
  86  8:39  Stalker x4  
  54  9:04  Stalker x2  
  54  9:05  Stalker x2  
Tags
 
Add a new tag
Caveats
  • Supply blocks, unpowered buildings, or Contaminate may cause inaccurate times.
  • Supply counts are checked every 10 seconds.